 Dungeon Crawl Stone Soup version 0.28-a0-1404-g4df0f3684d (webtiles) character file.

Game seed: 7714345016305444693

2 eustatius the Cudgeller (level 1, -1/14 HPs)
             Began as a Minotaur Wanderer on Jan 6, 2022.
             Slain by a goblin (3 damage)
             ... on level 1 of the Dungeon.
             The game lasted 00:00:23 (26 turns).

eustatius the Cudgeller (Minotaur Wanderer)           Turns: 26, Time: 00:00:24

Health: -1/14      AC:  4    Str: 18    XL:     1   Next: 25%
Magic:  1/1        EV: 11    Int:  7    God:
Gold:   0          SH:  0    Dex:  9    Spells: 2/2 levels left

rFire   . . .      SeeInvis .   a - +2 mace
rCold   . . .      Faith    .   (no shield)
rNeg    . . .      Spirit   .   c - +0 leather armour
rPois   .          Reflect  .   (helmet restricted)
rElec   .          Harm     .   b - +0 cloak
rCorr   .          Rampage  .   (no gloves)
Will    .....                   (no boots)
Stlth   +.........              (no amulet)
HPRegen 0.04/turn               (no ring)
MPRegen 0.07/turn               (no ring)

@: no status effects
A: horns 2, retaliatory headbutt
a: no special abilities


You were on level 1 of the Dungeon.
You visited 1 branch of the dungeon, and saw 1 of its levels.

Inventory:

Hand Weapons
 a - a +2 mace (weapon)
Armour
 b - a +0 cloak (worn)
 c - a +0 leather armour (worn)


   Skills:
 + Level 5.0 Maces & Flails
 + Level 1.2 Armour
 + Level 2.1 Dodging
 + Level 1.0 Spellcasting
 + Level 1.3 Necromancy


You had 2 spell levels left.
You didn't know any spells.
Your spell library contained the following spells:

 Spells                   Type           Power      Damage    Failure   Level
 Sublimation of Blood     Necr           2%         N/A       41%         2
 Corpse Rot               Necr/Air       2%         N/A       50%         2


Dungeon Overview and Level Annotations

Branches:
Dungeon (1/15)

Altars:


Innate Abilities, Weirdness & Mutations

You have a pair of horns on your head.
You reflexively headbutt those who attack you in melee.


Message History

There is a large open door here.
You open the large door.
A kobold comes into view. It is wielding a +0 short sword.
The kobold shouts!
You hear a shout! x2
Found a scroll labelled DID QIVOEHO.
A frilled lizard comes into view.
Found a stone staircase leading down.
There is a large open door here.
You hit the kobold.
The kobold is moderately wounded.
The kobold closely misses you.
A goblin comes into view. It is wielding a +0 club.
You completely miss the kobold.
The kobold is moderately wounded.
The kobold hits you with a +0 short sword.
You hit the kobold but do no damage. You headbutt the kobold.
You kill the kobold!
A kobold comes into view. It is wielding a +0 whip.
Things that are here:
a +0 short sword; a stone The frilled lizard barely misses you.
You barely miss the frilled lizard. The frilled lizard misses you.
The goblin hits you with a +0 club.
You miss the frilled lizard.
Your headbutt misses the frilled lizard.
The frilled lizard bites you. The goblin hits you with a +0 club.
You miss the frilled lizard. The frilled lizard bites you.
The goblin hits you but does no damage.
You hit the frilled lizard.
You kill the frilled lizard!
The goblin closely misses you.
Your Maces & Flails skill increases to level 5!
You hit the kobold.
The kobold is severely wounded.
The kobold hits you but does no damage. The goblin hits you with a +0 club.
* * * LOW HITPOINT WARNING * * *
You barely miss the kobold.
The kobold is severely wounded.
The kobold hits you but does no damage. The goblin hits you with a +0 club.
You die...

### # ###### ..#
###.# #....#
#.##.....
###.≈≈.###.g...?>.
#<'.≈≈.'.'@K...#
#.'.§≈.'.')#...#
###.§≈.##### ..#
#....# ... ######
###


You could see a goblin and a kobold.

Vanquished Creatures
  A kobold (D:1)
  A frilled lizard (D:1)
2 creatures vanquished.

Notes
Turn   | Place    | Note
-------+----------+-------------------------------------------
     0 | D:1      | eustatius the Minotaur Wanderer began the quest for the
                  | Orb.
     0 | D:1      | eustatius set off with the following items: a +2 mace, a +0
                  | cloak, a +0 leather armour; and the following spells
                  | available to memorise: Sublimation of Blood, Corpse Rot
     0 | D:1      | Reached XP level 1. HP: 14/14 MP: 1/1
    25 | D:1      | Reached skill level 5 in Maces & Flails
    26 | D:1      | Slain by a goblin

Illustrated notes

Levels and vault maps discovered:
D:1:      lightli_arrival_lavapool, layout_loops_ring,
          shapermc_ecumenical_altar_mp_highgroup

Skill      XL: |  1 |
---------------+----+-----
Maces & Flails | 5 |  5.0
Armour         | |  1.2
Dodging        | |  2.1
Spellcasting   | |  1.0
Necromancy     | |  1.3

Action                   || total
-------------------------++-------
Melee: Mace              ||     9
       Headbutt          ||     1
Armor: Leather armour    ||     3
Dodge: Dodged            ||     4

Table legend: (Time is in decaauts)
 A = Elapsed time spent in this place.
 B = Non-inter-level travel time spent in this place.
 C = Inter-level travel time spent in this place.
 D = Time resting spent in this place.
 E = Time spent auto-exploring this place.
 F = Levels seen in this place.
 G = Mean time per level.
                   A        B        C        D        E       F      G
               +--------+--------+--------+--------+--------+-----+--------+
         Total |     27 |     27 |      0 |      0 |      0 |   1 |   27.0 |
       Dungeon |     27 |     27 |      0 |      0 |      0 |   1 |   27.0 |
               +--------+--------+--------+--------+--------+-----+--------+

Top non-repeatable levels by time:
     D:1: 27 daAuts
